[Event "Titled Tuesday Blitz May 17 Early 2022"]
[White "Abdusattorov, Nodirbek"]
[Black "Maevsky, Nikolay"]
[WhiteFideId "14204118"]
[BlackFideId "4198220"]
[WhiteElo "2663"]
[BlackElo "2149"]
[Result "1-0"]
[Round "01"]
[TimeControl "180+1"]
[Date "2022.05.17"]
[WhiteClock "0:01:50"]
[BlackClock "0:00:13"]

1. c4 c6 2. d4 d5 3. Nc3 Nf6 4. cxd5 cxd5 5. Bf4 Nc6 6. e3 Bf5 7. Nf3 e6 8. Ne5 Nd7 9. Nxc6 bxc6 10. Rc1 Qb6 11. Qd2 Bb4 12. a3 Bxc3 13. Qxc3 O-O 14. Be2 Rfc8 15. b4 a5 16. O-O axb4 17. axb4 h6 18. Rfe1 Ra4 19. Bd6 Raa8 20. h4 Nf6 21. f3 h5 22. Ra1 Rxa1 23. Rxa1 Ne8 24. Bc5 Qd8 25. g3 Ra8 26. Ra5 Qb8 27. Kf2 Nc7 28. Bd6 Rxa5 29. bxa5 Qb7 30. Bxc7 Qxc7 31. a6 g5 32. hxg5 h4 33. gxh4 Qh2+ 34. Ke1 Qg1+ 35. Kd2 Qb1 36. Qa3 Qc2+ 37. Ke1 Qb1+ 38. Kf2 Qb8 39. a7 Qh2+ 40. Ke1 Qg1+ 41. Kd2 Kg7 42. a8=Q 1-0


[Site "https://www.chess.com"]

[Event "Titled Tuesday Blitz May 17 Early 2022"]
[White "Antipov, Mikhail Al."]
[Black "Cremisi, Daniel"]
[WhiteFideId "4107012"]
[BlackFideId "2089882"]
[WhiteElo "2512"]
[BlackElo "2172"]
[Result "1-0"]
[Round "01"]
[TimeControl "180+1"]
[Date "2022.05.17"]
[WhiteClock "0:00:14"]
[BlackClock "0:01:11"]

1. e4 e6 2. d4 d5 3. Nd2 dxe4 4. Nxe4 Nd7 5. Nf3 Be7 6. Bd3 Ngf6 7. Ng3 O-O 8. O-O b6 9. Re1 Bb7 10. Ne5 c5 11. c3 cxd4 12. cxd4 Nxe5 13. dxe5 Qd5 14. Bf1 Qxd1 15. Rxd1 Nd5 16. Bd2 Rfd8 17. Rac1 Rac8 18. Ne4 Rxc1 19. Bxc1 Nb4 20. Rxd8+ Bxd8 21. Nd6 Bd5 22. a3 Nc6 23. f4 f6 24. exf6 Bxf6 25. Kf2 Bd4+ 26. Ke1 Bc5 27. Nb5 a5 28. Nc3 Bb3 29. Bd3 h6 30. Be4 Nd4 31. Bd2 Kf7 32. g4 Bc2 33. Bxc2 Nxc2+ 34. Ke2 Nd4+ 35. Kd3 Nf3 36. h3 Ng1 37. h4 Nf3 38. h5 Nxd2 39. Kxd2 Bd4 40. Kd3 Bxc3 41. Kxc3 Ke7 42. Kd4 Kd6 43. a4 Kd7 44. Ke5 Ke7 45. g5 Kd7 46. gxh6 gxh6 47. Kf6 Kd6 48. Kg6 e5 49. fxe5+ Kxe5 50. Kxh6 Kf6 51. Kh7 Kf7 52. h6 Kf8 53. Kg6 Kg8 54. Kf6 Kh7 55. Ke6 Kxh6 56. Kd6 Kg7 57. Kc6 Kf7 58. Kxb6 Ke7 59. Kxa5 Kd8 60. Kb6 Kc8 61. a5 Kb8 62. a6 Ka8 63. b4 Kb8 64. b5 Ka8 65. Kc6 Ka7 66. b6+ Kb8 67. b7 Ka7 68. Kc7 Kxa6 69. b8=Q 1-0


[Site "https://www.chess.com"]

[Event "Titled Tuesday Blitz May 17 Early 2022"]
[White "Batsiashvili, Nino"]
[Black "Kozak, Adam"]
[WhiteFideId "13602993"]
[BlackFideId "753246"]
[WhiteElo "2193"]
[BlackElo "2459"]
[Result "0-1"]
[Round "01"]
[TimeControl "180+1"]
[Date "2022.05.17"]
[WhiteClock "0:00:01"]
[BlackClock "0:00:19"]

1. d4 Nf6 2. c4 e6 3. Nc3 d5 4. Nf3 Nbd7 5. cxd5 exd5 6. Bf4 c6 7. h3 Nb6 8. e3 Bd6 9. Bxd6 Qxd6 10. Bd3 Be6 11. Qc2 O-O-O 12. Nb5 Qb4+ 13. Ke2 Kb8 14. a3 Qe7 15. Nc3 h6 16. Na4 g5 17. Nc5 g4 18. hxg4 Bxg4 19. a4 Nbd7 20. Rhc1 Nxc5 21. Qxc5 Qe6 22. b4 Ne4 23. Qc2 Ng5 24. b5 Rc8 25. bxc6 Rxc6 26. Qb2 Rb6 27. Qc3 Qf6 28. Qc7+ Ka8 29. Qg3 Rb2+ 30. Rc2 Rxc2+ 31. Bxc2 Rc8 32. Bd3 Bf5 33. Rd1 Ne4 34. Bxe4 Bxe4 35. Rd2 Qa6+ 36. Ke1 Qxa4 37. Rd1 Bc2 38. Rc1 Qb4+ 39. Nd2 Qb2 40. Rxc2 Qxc2 41. Qg4 a5 42. Qd7 a4 43. Qxd5 Qc3 44. Qb5 a3 45. Qa4+ Kb8 46. d5 Qd3 47. Kd1 Qxd5 48. Qxa3 Rd8 49. Qb4 Qd6 50. Qc3 f5 51. Ke1 Rc8 52. Qb2 Qd3 0-1


[Site "https://www.chess.com"]

[Event "Titled Tuesday Blitz May 17 Early 2022"]
[White "Bethke, Richard"]
[Black "Sanal, Vahap"]
[WhiteFideId "12959243"]
[BlackFideId "6300545"]
[WhiteElo "2523"]
[BlackElo "2574"]
[Result "0-1"]
[Round "01"]
[TimeControl "180+1"]
[Date "2022.05.17"]
[WhiteClock "0:00:16"]
[BlackClock "0:01:32"]

1. e4 d6 2. Nf3 Nf6 3. Nc3 e5 4. d4 Nbd7 5. dxe5 dxe5 6. Bc4 Bb4 7. Bd2 O-O 8. O-O c6 9. Re1 b5 10. Bb3 Bc5 11. Bg5 h6 12. Bh4 Qe7 13. Qd2 Rd8 14. Rad1 Bb7 15. Bg3 Nf8 16. Qe2 Ng6 17. h4 Nh5 18. Bh2 Nhf4 19. Qf1 Nxh4 20. Nxe5 Qxe5 21. Ne2 Nh3+ 22. Kh1 Nxf2+ 23. Qxf2 Qxh2+ 24. Kxh2 Bxf2 25. Rf1 Rxd1 26. Rxd1 c5 27. Bxf7+ Kxf7 28. Rd7+ Kg8 29. Rxb7 Ng6 30. Rxb5 Re8 31. Ng3 Re5 32. Rb7 Rg5 0-1


[Site "https://www.chess.com"]

[Event "Titled Tuesday Blitz May 17 Early 2022"]
[White "Bettalli, Francesco"]
[Black "Zhigalko, Sergei"]
[WhiteFideId "2816453"]
[BlackFideId "13502956"]
[WhiteElo "2216"]
[BlackElo "2662"]
[Result "1-0"]
[Round "01"]
[TimeControl "180+1"]
[Date "2022.05.17"]
[WhiteClock "0:01:28"]
[BlackClock "0:00:01"]

1. d4 Nf6 2. Nc3 d5 3. Bf4 a6 4. e3 e6 5. Nf3 Bb4 6. Bd3 Ne4 7. Bxe4 dxe4 8. Nd2 f5 9. O-O O-O 10. Be5 Nd7 11. Bg3 Nf6 12. Ne2 Bd6 13. c4 b6 14. Rc1 a5 15. Nc3 Ba6 16. Nb5 Qd7 17. Qe2 Rae8 18. Rfd1 Bxb5 19. cxb5 Nd5 20. a3 Rf6 21. Bxd6 cxd6 22. Rc6 Ref8 23. Nc4 f4 24. Rxd6 Qe7 25. exf4 Rxf4 26. Rc6 h5 27. Ne5 Rxf2 28. Qxf2 Rxf2 29. Kxf2 Kh7 30. Rc8 e3+ 31. Kg1 Nf4 32. g3 e2 33. Re1 Qd6 34. Rh8+ Kxh8 35. Nf7+ Kg8 36. Nxd6 Nd3 37. Rxe2 Nc1 38. Rxe6 Nd3 39. Re8+ 1-0


[Site "https://www.chess.com"]

[Event "Titled Tuesday Blitz May 17 Early 2022"]
[White "Bluebaum, Matthias"]
[Black "Vusatiuk, Vladimir"]
[WhiteFideId "24651516"]
[BlackFideId "14118610"]
[WhiteElo "2556"]
[BlackElo "2157"]
[Result "1-0"]
[Round "01"]
[TimeControl "180+1"]
[Date "2022.05.17"]
[WhiteClock "0:01:44"]
[BlackClock "0:00:08"]

1. d4 Nf6 2. c4 e6 3. Nc3 d5 4. cxd5 exd5 5. Bg5 c6 6. e3 Bd6 7. Bd3 O-O 8. Nf3 h6 9. Bh4 a5 10. Ne5 Nbd7 11. f4 Re8 12. O-O Nf8 13. Qf3 Be7 14. Bg3 N6d7 15. Qh5 Nxe5 16. fxe5 Be6 17. Bf4 Bg5 18. Rf2 g6 19. Qf3 Nh7 20. Raf1 Rf8 21. Qg3 Bh4 22. Qf3 Bxf2+ 23. Qxf2 g5 24. Bg3 Kg7 25. Qc2 f5 26. Na4 Qc8 27. Nb6 Qc7 28. Nxa8 Rxa8 29. Bxf5 Nf8 30. Bxe6 Nxe6 31. Rf6 Nf8 32. e6 Kxf6 33. Bxc7 Nxe6 34. Be5+ Ke7 35. Qh7+ Ke8 36. Qg6+ Ke7 37. Qf6+ Kd7 38. Qf7+ Kd8 39. Qxe6 Ra6 40. Bd6 c5 41. Qe7+ Kc8 42. Qc7# 1-0


[Site "https://www.chess.com"]

[Event "Titled Tuesday Blitz May 17 Early 2022"]
[White "Bortnyk, Olexandr"]
[Black "Hamley, Ryan"]
[WhiteFideId "14120828"]
[BlackFideId "30959497"]
[WhiteElo "2723"]
[BlackElo "2550"]
[Result "1-0"]
[Round "01"]
[TimeControl "180+1"]
[Date "2022.05.17"]
[WhiteClock "0:01:56"]
[BlackClock "0:01:08"]

1. e4 c6 2. c4 d5 3. cxd5 cxd5 4. exd5 Nf6 5. Qa4+ Nbd7 6. Nc3 g6 7. Bc4 Bg7 8. d3 O-O 9. Nf3 a6 10. Qa3 Rb8 11. Bf4 Ra8 12. O-O b6 13. Rfe1 Re8 14. Nd4 Bb7 15. Nc6 Bxc6 16. dxc6 Nc5 17. c7 Qd7 18. b4 Nb7 19. Na4 Nd6 20. Nxb6 Qxc7 21. Nxa8 Rxa8 22. Qb3 Nh5 23. Bxf7+ Kh8 24. Rac1 Qb6 25. Bxd6 Qxd6 26. Qd5 Qxd5 27. Bxd5 Rd8 28. Bb7 Nf4 29. Rxe7 Bd4 30. Rc8 Rxc8 31. Bxc8 Nxd3 32. Rd7 1-0


[Site "https://www.chess.com"]

[Event "Titled Tuesday Blitz May 17 Early 2022"]
[White "Chigaev, Maksim"]
[Black "Pinheiro, Iung Alicio de O."]
[WhiteFideId "4108116"]
[BlackFideId "2104350"]
[WhiteElo "2457"]
[BlackElo "2283"]
[Result "1-0"]
[Round "01"]
[TimeControl "180+1"]
[Date "2022.05.17"]
[WhiteClock "0:02:04"]
[BlackClock "0:01:07"]

1. Nf3 c5 2. c4 g6 3. Nc3 Bg7 4. g3 Nc6 5. Bg2 d6 6. O-O Be6 7. b3 Qc8 8. e3 Bh3 9. d4 h5 10. Bxh3 Qxh3 11. Nd5 Rc8 12. Rb1 h4 13. Ng5 Qf5 14. e4 Qd7 15. dxc5 dxc5 16. Be3 hxg3 17. fxg3 f6 18. Nf3 b6 19. e5 f5 20. Nf4 Rh6 21. Qxd7+ Kxd7 22. Rbd1+ Ke8 23. Ne6 Rh7 24. Nfg5 1-0


[Site "https://www.chess.com"]

[Event "Titled Tuesday Blitz May 17 Early 2022"]
[White "Wagner, Dinara"]
[Black "Dubov, Daniil"]
[WhiteFideId "24157570"]
[BlackFideId "24126055"]
[WhiteElo "2216"]
[BlackElo "2791"]
[Result "0-1"]
[Round "01"]
[TimeControl "180+1"]
[Date "2022.05.17"]
[WhiteClock "0:00:03"]
[BlackClock "0:00:18"]

1. d4 Nf6 2. c4 e6 3. Nf3 d5 4. g3 Bb4+ 5. Bd2 a5 6. a3 Be7 7. Bg2 O-O 8. Qc2 c6 9. O-O Nbd7 10. Bf4 dxc4 11. Qxc4 Nd5 12. Bd2 N7f6 13. Nc3 b5 14. Qd3 Ba6 15. Nxd5 cxd5 16. b4 Rc8 17. Ne5 Ne4 18. Rfc1 Rc4 19. Nc6 Qd7 20. Nxa5 Bf6 21. Nb3 Qa7 22. e3 e5 23. dxe5 Bxe5 24. Rab1 Bf6 25. Be1 Rd8 26. Na5 Qd7 27. Nxc4 bxc4 28. Qe2 Bb5 29. a4 Bxa4 30. Bxe4 dxe4 31. Qxc4 Bb5 32. Qxe4 Bd3 33. Qf3 Qe6 34. b5 Be4 35. Qe2 Qf5 36. Rb4 Bf3 37. Qf1 g5 38. b6 Bb7 39. Rb5 Qf3 40. e4 Bxe4 0-1


[Site "https://www.chess.com"]

[Event "Titled Tuesday Blitz May 17 Early 2022"]
[White "Dounis, Alexandros"]
[Black "Sadhwani, Raunak"]
[WhiteFideId "4213238"]
[BlackFideId "35093487"]
[WhiteElo "2204"]
[BlackElo "2616"]
[Result "0-1"]
[Round "01"]
[TimeControl "180+1"]
[Date "2022.05.17"]
[WhiteClock "0:00:02"]
[BlackClock "0:00:17"]

1. Nf3 g6 2. g3 Bg7 3. d4 f5 4. Bg2 Nf6 5. O-O O-O 6. b3 b6 7. Bb2 Bb7 8. Nbd2 Na6 9. c4 e6 10. Rc1 Qe7 11. Qc2 c5 12. Rfd1 d6 13. a3 Rac8 14. Qb1 cxd4 15. Nxd4 Bxg2 16. Kxg2 Nc5 17. b4 Nce4 18. Nxe4 fxe4 19. Nb5 Ng4 20. Bxg7 Rxf2+ 21. Kg1 Rxe2 22. Bd4 Nxh2 23. Bf2 Rf8 24. Rf1 Qg5 25. Qb3 e3 0-1


[Site "https://www.chess.com"]

[Event "Titled Tuesday Blitz May 17 Early 2022"]
[White "Drygalov, Sergey"]
[Black "Terzi, Alexei"]
[WhiteFideId "24171743"]
[BlackFideId "13505076"]
[WhiteElo "2514"]
[BlackElo "2031"]
[Result "1-0"]
[Round "01"]
[TimeControl "180+1"]
[Date "2022.05.17"]
[WhiteClock "0:01:32"]
[BlackClock "0:00:09"]

1. d4 f6 2. c4 g6 3. h4 h5 4. e4 c5 5. d5 d6 6. Nc3 Nh6 7. Bd3 Nf7 8. f4 Bg7 9. e5 f5 10. e6 Nh6 11. Nf3 O-O 12. Bd2 a6 13. a4 b6 14. Nh2 Qe8 15. Qc2 Bb7 16. g4 hxg4 17. Nf1 b5 18. Ng3 bxc4 19. Bxc4 a5 20. h5 Na6 21. Bb5 Qd8 22. hxg6 Nb4 23. Qb3 Rf6 24. Nh5 Rxg6 25. Nxg7 Kxg7 26. O-O-O c4 27. Qxc4 Rc8 28. Qd4+ Kg8 29. Kb1 Qf8 30. Be3 Qg7 31. Qb6 Ba8 32. Bd7 Rf8 33. Bd4 Qh7 34. Qxa5 Rb8 35. Ba7 Rb7 36. Qd8+ 1-0


[Site "https://www.chess.com"]

[Event "Titled Tuesday Blitz May 17 Early 2022"]
[White "Gong, Patrick"]
[Black "Nakamura, Hikaru"]
[WhiteFideId "3222500"]
[BlackFideId "2016192"]
[WhiteElo "2103"]
[BlackElo "2850"]
[Result "0-1"]
[Round "01"]
[TimeControl "180+1"]
[Date "2022.05.17"]
[WhiteClock "0:02:14"]
[BlackClock "0:01:57"]

1. e4 g6 2. d4 c6 3. Nf3 d5 4. Nc3 Bg7 5. Bd3 Bg4 6. Be3 e5 7. Ne2 dxe4 8. Bxe4 f5 9. h3 fxe4 10. hxg4 exf3 11. gxf3 Nd7 12. d5 Qa5+ 13. Nc3 Ngf6 14. dxc6 bxc6 15. Qd6 Rb8 16. O-O Qb4 17. Qe6+ Qe7 18. Qxc6 O-O 19. g5 Nh5 20. Rad1 Nb6 21. Bxb6 Qxg5+ 22. Kh1 Nf4 0-1


[Site "https://www.chess.com"]

[Event "Titled Tuesday Blitz May 17 Early 2022"]
[White "Gracia Alvarez, Gerardo Antonio"]
[Black "Timofeev, Artyom"]
[WhiteFideId "5109124"]
[BlackFideId "4140419"]
[WhiteElo "2139"]
[BlackElo "2594"]
[Result "1/2-1/2"]
[Round "01"]
[TimeControl "180+1"]
[Date "2022.05.17"]
[WhiteClock "0:01:16"]
[BlackClock "0:01:49"]

1. e4 c6 2. c4 d5 3. cxd5 cxd5 4. exd5 Nf6 5. Qa4+ Nbd7 6. Nc3 g6 7. Bc4 Bg7 8. d3 O-O 9. Nf3 Nb6 10. Qb3 Bf5 11. O-O Rc8 12. Re1 Nfd7 13. Be3 Nc5 14. Bxc5 Rxc5 15. Rad1 Rc8 16. h3 a6 17. a4 Qc7 18. Rc1 Nxc4 19. dxc4 Qxc4 20. Qxc4 Rxc4 21. Rxe7 b5 22. axb5 axb5 23. Rb7 b4 24. Ne2 Rxc1+ 25. Nxc1 Bxb2 26. Na2 Be4 27. Nxb4 Ba3 28. Ne5 Bxb4 29. Rxb4 Bxd5 30. Nd7 Rd8 31. Nf6+ Kg7 32. Nxd5 Rxd5 33. Rb6 h5 1/2-1/2


[Site "https://www.chess.com"]

[Event "Titled Tuesday Blitz May 17 Early 2022"]
[White "Grieve, Harry"]
[Black "Demchenko, Anton"]
[WhiteFideId "426520"]
[BlackFideId "4160258"]
[WhiteElo "2294"]
[BlackElo "2539"]
[Result "0-1"]
[Round "01"]
[TimeControl "180+1"]
[Date "2022.05.17"]
[WhiteClock "0:00:42"]
[BlackClock "0:02:26"]

1. e4 e5 2. Nf3 Nc6 3. Bc4 Nf6 4. d3 h6 5. O-O d6 6. c3 g6 7. a4 Bg7 8. Na3 O-O 9. Re1 Kh8 10. b4 Nh7 11. Nc2 f5 12. a5 a6 13. exf5 gxf5 14. d4 e4 15. Nd2 d5 16. Bb3 f4 17. Nf1 Ne7 18. c4 c6 19. g3 Ng5 20. Bxf4 Nh3+ 21. Kg2 Rxf4 22. gxf4 Ng6 23. Ng3 Ngxf4+ 24. Kh1 Nxf2+ 0-1


[Site "https://www.chess.com"]

[Event "Titled Tuesday Blitz May 17 Early 2022"]
[White "Grischuk, Alexander"]
[Black "Al-Tarboush, Ward"]
[WhiteFideId "4126025"]
[BlackFideId "7601450"]
[WhiteElo "2762"]
[BlackElo "2294"]
[Result "1-0"]
[Round "01"]
[TimeControl "180+1"]
[Date "2022.05.17"]
[WhiteClock "0:01:42"]
[BlackClock "0:00:43"]

1. d4 b6 2. e4 Bb7 3. Bd3 e6 4. Nf3 c5 5. c3 Nf6 6. Qe2 Be7 7. O-O Nc6 8. a3 O-O 9. Re1 a5 10. Nbd2 d6 11. Nf1 Qc7 12. Ng3 Rfd8 13. Be3 a4 14. Rad1 Na5 15. h3 Rac8 16. Bf4 Bf8 17. Bg5 Be7 18. Bb5 Bc6 19. Bxc6 Nxc6 20. d5 Ne5 21. Nxe5 dxe5 22. dxe6 fxe6 23. Qc4 Qc6 24. Nf5 Bf8 25. Nh6+ gxh6 26. Bxf6 Rxd1 27. Rxd1 Kf7 28. Bxe5 Be7 29. Qe2 Rd8 30. Qh5+ Kg8 31. Qg4+ 1-0


[Site "https://www.chess.com"]

[Event "Titled Tuesday Blitz May 17 Early 2022"]
[White "Harsha Bharathakoti"]
[Black "Manukian, Artak"]
[WhiteFideId "5078776"]
[BlackFideId "13301373"]
[WhiteElo "2575"]
[BlackElo "2501"]
[Result "1-0"]
[Round "01"]
[TimeControl "180+1"]
[Date "2022.05.17"]
[WhiteClock "0:02:36"]
[BlackClock "0:02:22"]

1. Nf3 c6 2. b3 d5 3. Bb2 Nf6 4. e3 Bg4 5. h3 Bh5 6. g4 Bg6 7. Ne5 Nbd7 8. Nxg6 hxg6 9. Bg2 e5 10. g5 Ng8 11. h4 Ne7 12. d3 Nf5 13. Qg4 Bb4+ 14. Qxb4 1-0


[Site "https://www.chess.com"]

[Event "Titled Tuesday Blitz May 17 Early 2022"]
[White "Iinuma, Paul Y"]
[Black "Svane, Rasmus"]
[WhiteFideId "2031809"]
[BlackFideId "4657101"]
[WhiteElo "2052"]
[BlackElo "2674"]
[Result "1/2-1/2"]
[Round "01"]
[TimeControl "180+1"]
[Date "2022.05.17"]
[WhiteClock "0:00:03"]
[BlackClock "0:00:04"]

1. d3 d5 2. Nd2 Nf6 3. Ngf3 Nc6 4. g3 e5 5. e4 dxe4 6. dxe4 Bc5 7. Bg2 O-O 8. O-O a5 9. c3 b6 10. Re1 Ng4 11. Re2 Ba6 12. h3 Bxe2 13. Qxe2 Nxf2 14. Kh2 Qd3 15. Qe1 Qc2 16. Nb3 Nxe4 17. Nfd2 Nxd2 18. Qxd2 Qg6 19. Nxc5 bxc5 20. Qd7 e4 21. Be3 Ne5 22. Qxc7 Nf3+ 23. Kh1 Rfc8 24. Qf4 Rab8 25. b3 c4 26. bxc4 h6 27. c5 Rb2 28. Rd1 Qe6 29. a4 Qa2 30. Qxe4 Rxg2 31. Qxf3 Rh2+ 32. Kg1 Rxh3 33. Bf2 Qe6 34. Rd6 Qe5 35. Qg4 Rxc5 36. Rd8+ Kh7 37. Qxh3 Rxc3 38. Qg4 Rc1+ 39. Kg2 f5 40. Qf3 Rc3 41. Qa8 Qe6 42. Rh8+ Kg6 43. Qb7 Rc4 44. Qa8 Rxa4 45. Qe8+ Qxe8 46. Rxe8 Rc4 47. Re6+ Kg5 48. Ra6 a4 49. Ra5 Kg4 50. Ra6 Kg5 51. Ra7 Kg6 52. Ra5 Kf6 53. Ra6+ Kg5 1/2-1/2


[Site "https://www.chess.com"]

[Event "Titled Tuesday Blitz May 17 Early 2022"]
[White "Keymer, Vincent"]
[Black "Sirosh, Ilja"]
[WhiteFideId "12940690"]
[BlackFideId "4500458"]
[WhiteElo "2548"]
[BlackElo "2241"]
[Result "1-0"]
[Round "01"]
[TimeControl "180+1"]
[Date "2022.05.17"]
[WhiteClock "0:00:46"]
[BlackClock "0:00:10"]

1. Nf3 d5 2. e3 Nf6 3. c4 e6 4. Nc3 c5 5. cxd5 exd5 6. d4 Nc6 7. Bb5 cxd4 8. Nxd4 Bd7 9. O-O Bd6 10. Nf3 Be6 11. b3 O-O 12. Bb2 Qe7 13. h3 Rfd8 14. Rc1 Rac8 15. Bd3 Bb8 16. Ne2 Ne4 17. Re1 a6 18. Nf4 Nb4 19. Rxc8 Bxc8 20. Bb1 Be6 21. Qd4 f6 22. Nxe6 Nc6 23. Qb6 Qxe6 24. Qxb7 Ne7 25. Rd1 Be5 26. Bxe5 fxe5 27. Bxe4 1-0


[Site "https://www.chess.com"]

[Event "Titled Tuesday Blitz May 17 Early 2022"]
[White "Kim, Sergey"]
[Black "Andreikin, Dmitry"]
[WhiteFideId "13700570"]
[BlackFideId "4158814"]
[WhiteElo "2555"]
[BlackElo "2736"]
[Result "0-1"]
[Round "01"]
[TimeControl "180+1"]
[Date "2022.05.17"]
[WhiteClock "0:00:25"]
[BlackClock "0:02:01"]

1. d4 Nf6 2. c4 e6 3. Nc3 Bb4 4. Qc2 O-O 5. a3 Bxc3+ 6. Qxc3 d6 7. Nf3 b6 8. g3 Bb7 9. Bg2 Nbd7 10. O-O Rc8 11. b4 Be4 12. Bb2 c6 13. Bh3 b5 14. Nd2 Nb6 15. f3 Bg6 16. e4 bxc4 17. Nxc4 Nxc4 18. Qxc4 d5 19. exd5 cxd5 20. Qb3 Rc4 21. Rf2 Qb6 22. Qe3 Rfc8 23. Bf1 h6 24. Rd1 a5 25. bxa5 Qxa5 26. Bxc4 dxc4 27. Qc3 Qa4 28. Rc1 Nd5 29. Qe1 Qb3 30. Kg2 c3 31. Ba1 c2 32. Re2 Qxa3 33. Qd2 Rb8 0-1


[Site "https://www.chess.com"]

[Event "Titled Tuesday Blitz May 17 Early 2022"]
[White "Kobo, Ori"]
[Black "Webster, Dex"]
[WhiteFideId "2812320"]
[BlackFideId "2074052"]
[WhiteElo "2420"]
[BlackElo "2097"]
[Result "1-0"]
[Round "01"]
[TimeControl "180+1"]
[Date "2022.05.17"]
[WhiteClock "0:00:33"]
[BlackClock "0:00:06"]

1. d4 d6 2. e4 g6 3. Nc3 Bg7 4. Be3 a6 5. Nf3 b5 6. Bd3 Bb7 7. a4 b4 8. Nb1 Nd7 9. a5 Ngf6 10. Nbd2 c5 11. c3 bxc3 12. bxc3 h6 13. h3 O-O 14. O-O Qc7 15. Qe2 d5 16. e5 Ne4 17. Rfc1 f5 18. e6 Ndf6 19. Ne5 Kh7 20. Bf4 Qc8 21. Rab1 Ra7 22. f3 Nxd2 23. Bxd2 Re8 24. Rb6 c4 25. Bc2 Rd8 26. g4 Rd6 27. gxf5 g5 28. Rcb1 Rxb6 29. Rxb6 Qe8 30. Ng6 Ba8 31. Qh2 Rb7 32. Rxb7 Bxb7 33. Qc7 Bc6 34. Nxe7 Ba4 35. Nxd5 Nxd5 36. f6+ Bxc2 37. Qxg7# 1-0


[Site "https://www.chess.com"]

[Event "Titled Tuesday Blitz May 17 Early 2022"]
[White "Krishnan, Varun"]
[Black "Martinez Alcantara, Jose Eduardo"]
[WhiteFideId "5054508"]
[BlackFideId "3805662"]
[WhiteElo "2551"]
[BlackElo "2690"]
[Result "0-1"]
[Round "01"]
[TimeControl "180+1"]
[Date "2022.05.17"]
[WhiteClock "0:00:03"]
[BlackClock "0:00:39"]

1. e4 c5 2. Nf3 d6 3. d4 cxd4 4. Nxd4 Nf6 5. Nc3 Nc6 6. Bg5 e6 7. Qd2 a6 8. O-O-O Bd7 9. f3 Nxd4 10. Qxd4 Be7 11. h4 Bc6 12. g4 h5 13. gxh5 Nxh5 14. Rg1 Bf6 15. Qd2 Qb6 16. Bc4 Bxg5 17. Rxg5 O-O-O 18. Bb3 g6 19. f4 Nf6 20. f5 gxf5 21. exf5 d5 22. fxe6 fxe6 23. Qf4 Rhf8 24. Qe5 Rde8 25. Rg6 Nd7 26. Qe1 Nc5 27. Qe5 Qc7 28. Qd4 Bd7 29. Rg7 Rf4 30. Qe3 Rxh4 31. Qg5 Qf4+ 32. Qxf4 Rxf4 33. Bxd5 exd5 34. Nxd5 Rg4 35. Nb6+ Kc7 36. Nxd7 Rxg7 37. Nxc5 Kc6 38. Nd3 Kc7 39. b3 Rg2 40. Kb2 Ree2 41. Rc1 Rh2 42. Nf4 Re4 43. Nd3 Kb6 44. a4 Rd4 45. Kc3 Rdh4 46. Re1 R4h3 47. Re6+ Ka7 48. Re7 Rh8 49. Nc5 Rb8 50. a5 Rh4 51. b4 Rh5 52. Kb3 Rh6 53. c3 Rh5 54. Rd7 Rh6 55. Re7 Rc6 56. Rf7 Rcc8 57. Re7 Re8 58. Rf7 Rf8 59. Re7 Rf6 60. Rd7 Ka8 61. Re7 Rd6 62. Rf7 b5 63. Re7 Rc8 64. Rf7 Re8 65. Rc7 Re2 66. Rf7 Rdd2 67. Rf8+ Ka7 68. Rf7+ Ka8 69. Rf8+ Ka7 70. Rf7+ Kb8 71. Nxa6+ Kc8 72. Rc7+ Kd8 73. c4 Rd3# 0-1


[Site "https://www.chess.com"]

[Event "Titled Tuesday Blitz May 17 Early 2022"]
[White "Lazavik, Denis"]
[Black "Fiorito, Fabian"]
[WhiteFideId "13515110"]
[BlackFideId "100200"]
[WhiteElo "2437"]
[BlackElo "2395"]
[Result "1-0"]
[Round "01"]
[TimeControl "180+1"]
[Date "2022.05.17"]
[WhiteClock "0:01:37"]
[BlackClock "0:00:39"]

1. d4 d5 2. c4 c6 3. Nf3 Nf6 4. Qc2 e6 5. g3 Nbd7 6. Bg2 Be7 7. O-O O-O 8. b3 b6 9. Rd1 Bb7 10. Nc3 Rc8 11. e4 dxe4 12. Ng5 c5 13. dxc5 Bxc5 14. Bxe4 Bxe4 15. Ncxe4 Qe7 16. Rxd7 Nxd7 17. Nxc5 Nf6 18. Nce4 g6 19. Bb2 Nxe4 20. Nxe4 f5 21. Nd2 e5 22. Re1 e4 23. Qc3 Kf7 24. Qg7+ Ke8 25. Qxe7+ Kxe7 26. Ba3+ Kf7 27. Bxf8 Rxf8 28. f3 Rd8 29. Re2 e3 30. Nf1 1-0


[Site "https://www.chess.com"]

[Event "Titled Tuesday Blitz May 17 Early 2022"]
[White "McCoy, Owen"]
[Black "Indjic, Aleksandar"]
[WhiteFideId "30924502"]
[BlackFideId "911925"]
[WhiteElo "2519"]
[BlackElo "2616"]
[Result "0-1"]
[Round "01"]
[TimeControl "180+1"]
[Date "2022.05.17"]
[WhiteClock "0:00:02"]
[BlackClock "0:00:57"]

1. Nf3 d5 2. g3 Nd7 3. Bg2 e5 4. d3 Ngf6 5. O-O Bc5 6. c3 c6 7. b4 Bb6 8. Bb2 a5 9. a3 e4 10. dxe4 dxe4 11. Ng5 e3 12. f4 h6 13. Nf3 Qe7 14. Qc2 O-O 15. Nh4 Re8 16. Nf5 Qf8 17. Rd1 h5 18. Nd6 Rd8 19. c4 axb4 20. axb4 Rxa1 21. Bxa1 c5 22. b5 Ba5 23. Nxc8 Rxc8 24. Bxb7 Rb8 25. Bc6 Qe7 26. Nc3 Nb6 27. Nd5 Nbxd5 28. cxd5 Bc7 29. Bc3 h4 30. Kg2 Bd6 31. Qf5 Ne4 32. Be1 g6 33. Qg4 hxg3 34. hxg3 Kg7 35. Ra1 Qf6 36. Ra8 Rxa8 37. Bxa8 Qa1 38. Qf3 Nd2 39. Bxd2 exd2 0-1


[Site "https://www.chess.com"]

[Event "Titled Tuesday Blitz May 17 Early 2022"]
[White "Moskalenko, Alexander"]
[Black "Aaditya Dhingra"]
[WhiteFideId "4155351"]
[BlackFideId "25678191"]
[WhiteElo "2434"]
[BlackElo "1849"]
[Result "1-0"]
[Round "01"]
[TimeControl "180+1"]
[Date "2022.05.17"]
[WhiteClock "0:00:35"]
[BlackClock "0:00:01"]

1. e4 e5 2. Nf3 Nc6 3. Bb5 a6 4. Ba4 Nf6 5. O-O Be7 6. Re1 b5 7. Bb3 d6 8. c3 O-O 9. h3 Nb8 10. d4 Nbd7 11. Nbd2 Bb7 12. a4 c5 13. d5 c4 14. Bc2 Nc5 15. a5 Nfd7 16. Nf1 g6 17. g4 Kh8 18. Bh6 Rg8 19. Ng3 f6 20. Be3 Rc8 21. Kg2 Nf8 22. Rh1 Rc7 23. h4 Bc8 24. Nd2 Nfd7 25. h5 g5 26. h6 Nf8 27. Nf5 Ng6 28. Nf1 Nf4+ 29. Kf3 Bxf5 30. exf5 Nfd3 31. Bxc5 Rxc5 32. Ne3 e4+ 33. Kg3 Bf8 34. b4 Rc8 35. Bxd3 cxd3 36. Qb3 Qe7 37. Rac1 Qe5+ 38. Kg2 Qf4 39. Rh3 Be7 40. c4 d2 41. Rd1 bxc4 42. Qc3 Qe5 43. Nxc4 Qxc3 44. Rxc3 Rc7 45. Rxd2 Rgc8 46. Rd4 Bf8 47. Rxe4 Bxh6 48. Kf3 Bf8 49. Ke2 Kg7 50. Kd3 Kf7 51. Rc2 Rb8 52. Nb6 Rxc2 53. Kxc2 Be7 54. Rc4 Ke8 55. Rc8+ Rxc8+ 56. Nxc8 Bf8 57. Kd3 Kd7 58. Nb6+ Kc7 59. Na4 Be7 60. f3 Bf8 61. Nc3 Kb7 62. Ne4 Be7 63. Kc4 Kc7 64. b5 Kb7 65. Nf2 h6 66. Nd3 axb5+ 67. Kxb5 Bd8 68. a6+ Ka7 69. Nb4 Bb6 70. Nc6+ 1-0


[Site "https://www.chess.com"]

[Event "Titled Tuesday Blitz May 17 Early 2022"]
[White "Neiksans, Arturs"]
[Black "Perera Alfonso, Rene Humberto"]
[WhiteFideId "11601388"]
[BlackFideId "3514722"]
[WhiteElo "2447"]
[BlackElo "2313"]
[Result "1-0"]
[Round "01"]
[TimeControl "180+1"]
[Date "2022.05.17"]
[WhiteClock "0:01:56"]
[BlackClock "0:01:02"]

1. e4 c5 2. Nf3 d6 3. Bb5+ Nc6 4. O-O Bd7 5. Re1 Nf6 6. c3 a6 7. Bf1 Bg4 8. d4 cxd4 9. cxd4 Bxf3 10. gxf3 e5 11. Be3 Be7 12. Nc3 O-O 13. f4 Rc8 14. Bh3 exd4 15. Bxd4 Nxd4 16. Qxd4 Rc5 17. Rad1 Rh5 18. Rd3 Qa5 19. b4 Qc7 20. Ne2 h6 21. Rc1 Qb8 22. Kg2 Rd8 23. Ng3 Rh4 24. Nf5 Nh5 25. Nxe7+ Kf8 26. Nd5 Re8 27. Rg3 Nxg3 28. hxg3 Rh5 29. Bg4 1-0


[Site "https://www.chess.com"]